 Dungeon Crawl Stone Soup version 0.26.0-10-g1f06aea511 (webtiles) character file.

Game seed: 10551522640210669522

163 Borgon the Bolt Thrower (level 5, -2/45 HPs)
             Began as a Minotaur Hunter on Jan 31, 2021.
             Slain by a sky beast (4 damage)
             ... on level 6 of the Dungeon.
             The game lasted 00:19:52 (3176 turns).

Borgon the Bolt Thrower (Minotaur Hunter)           Turns: 3176, Time: 00:19:52

Health: -2/45      AC: 11    Str: 17    XL:     5   Next: 20%
Magic:  4/4        EV:  7    Int:  8    God:
Gold:   233        SH:  0    Dex: 11    Spells: 4/4 levels left

rFire    + . .     SeeInvis .   g - +0 hand axe
rCold    . . .     Faith    .   (no shield)
rNeg     . . .     Spirit   .   i - +0 chain mail
rPois    +         Reflect  .   (helmet restricted)
rElec    .         Harm     .   (no cloak)
rCorr    .         Rampage  .   u - +0 pair of gloves
Will     .....                  (no boots)
Stlth    ..........             (no amulet)
HPRegen  0.15/turn              r - ring of poison resistance
MPRegen  0.09/turn              (no ring)

@: no status effects
A: retaliatory headbutt, horns 2, talons 1, thin metallic scales 1, blurry
vision 1, fire resistance 1
a: no special abilities


You were on level 6 of the Dungeon.
You visited 1 branch of the dungeon, and saw 4 of its levels.

You collected 233 gold pieces.

Inventory:

Hand Weapons
 a - a +1 hand crossbow
 b - a +0 short sword
 e - a +0 club
 f - a +0 short sword
 g - a +0 hand axe (weapon)
 j - a +0 hunting sling
 x - a +0 scimitar
Missiles
 d - 13 bolts
Armour
 c - a +0 leather armour
 i - a +0 chain mail (worn)
 s - a +0 barding
 u - a +0 pair of gloves (worn)
Jewellery
 r - a ring of poison resistance (left hand)
 w - an uncursed amulet of guardian spirit {unknown}
Scrolls
 h - 2 scrolls of identify
 k - 4 scrolls of enchant weapon {unknown}
 m - 2 scrolls of amnesia {unknown}
 n - a scroll of teleportation {unknown}
 p - a scroll of magic mapping {unknown}
 q - 2 scrolls of remove curse
 t - a scroll of fear {unknown}
 v - a scroll of random uselessness {unknown}
Potions
 l - a potion of heal wounds {unknown}
 z - a potion of berserk rage {unknown}
 A - a potion of flight {unknown}


   Skills:
 * Level 3.5 Fighting
 * Level 2.4 Axes
 + Level 5.3 Crossbows
 * Level 2.3 Armour
 * Level 2.6 Dodging
 + Level 1.2 Stealth


You had 4 spell levels left.
You didn't know any spells.
Your spell library was empty.

Dungeon Overview and Level Annotations

Branches:
Dungeon (3/15)

Altars:
Ashenzari
Nemelex Xobeh


Innate Abilities, Weirdness & Mutations

You reflexively headbutt those who attack you in melee.
You have a pair of horns on your head.
You have sharp toenails.
You are partially covered in thin metallic scales. (AC +2)
Scrolls take you a little longer to read.
Your flesh is heat resistant. (rF+)


Message History

Found 20 gold pieces.
A sky beast appears from thin air!
Reactivating autopickup.
The sky beast flickers out of sight!
Deactivating autopickup; reactivate with Ctrl-A.
Something hits you but does no damage.
A sky beast appears from thin air!
Reactivating autopickup.
The sky beast completely misses you. You furiously retaliate!
You headbutt the sky beast.
The sky beast hits you but does no damage.
The sky beast flickers out of sight!
Deactivating autopickup; reactivate with Ctrl-A.
Something hits you.
* * * LOW HITPOINT WARNING * * *
Something shocks you.
* * * LOW HITPOINT WARNING * * *
Unknown command.
Something hits you.
You die...

##. #....### ##.......# #..
#..##......## ##.....##
#### #...#.......## ###...#
#... #...........## #.###
#... ###..........# #.###
##... #.......(..#
##...####....
##.........####.......#....
#..........#..#####.....##
###$.....@...## ####....
##.........# ##...
###.......# #... ####...##
#... ###.# #... #.# ####
#.# #.# (..(.......###.#


There were no monsters in sight!

Vanquished Creatures
  A scorpion (D:6)
  A worker ant (D:2)
  An adder (D:6)
  2 gnolls (D:3)
  A white imp (D:3)
  An ooze (D:3)
  A worm (D:2)
  A dart slug (D:2)
  A leopard gecko (D:3)
  A giant cockroach (D:3)
  6 goblins
  8 hobgoblins
  5 kobolds
  A quokka (D:3)
  3 bats
  6 frilled lizards
  7 rats
47 creatures vanquished.

Notes
Turn   | Place    | Note
-------+----------+-------------------------------------------
     0 | D:1      | Borgon the Minotaur Hunter began the quest for the Orb.
     0 | D:1      | Reached XP level 1. HP: 18/18 MP: 0/0
   104 | D:1      | Reached XP level 2. HP: 25/25 MP: 1/1
   363 | D:1      | Reached skill level 5 in Crossbows
   891 | D:2      | Found a sparkling altar of Nemelex Xobeh.
  1195 | D:2      | Reached skill level 1 in Armour
  1310 | D:2      | Reached XP level 3. HP: 30/30 MP: 2/2
  1400 | D:2      | Reached skill level 1 in Axes
  1932 | D:3      | Reached XP level 4. HP: 7/38 MP: 3/3
  2438 | D:3      | Reached skill level 1 in Stealth
  2465 | D:3      | You fall into a shaft and drop 3 floors!
  2465 | D:6      | Found a broken altar of Ashenzari.
  2783 | D:6      | Reached XP level 5. HP: 11/45 MP: 4/4
  3117 | D:6      | Noticed a sky beast
  3135 | D:6      | Gained mutation: Scrolls take you a little longer to read.
                  | [potion of mutation]
  3135 | D:6      | Gained mutation: You have sharp toenails. [potion of
                  | mutation]
  3135 | D:6      | Gained mutation: Your flesh is heat resistant. (rF+)
                  | [potion of mutation]
  3135 | D:6      | Gained mutation: You are partially covered in thin metallic
                  | scales. (AC +2) [potion of mutation]
  3175 | D:6      | HP: 2/45 [something (6)]
  3176 | D:6      | Slain by a sky beast

Illustrated notes

Levels and vault maps discovered:
D:1:      psy_arrival_conway, layout_basic
D:2:      layout_basic, nemelex_spade_bored_becter
D:3:      layout_loops_cross
D:6:      layout_cave_pods, general_overflow_altar,
          nicolae_ashenzari_panopticon, uniq_prince_ribbit1

Skill      XL: |  1  2  3  4 |
---------------+-------------+-----
Crossbows      | 5 |  5.3
Armour         | 1 2 |  2.3
Axes           | 1 2 |  2.4
Fighting       | 3 |  3.5
Stealth        | 1 |  1.2
Dodging        | |  2.6

Action                   |  1- 3 |  4- 6 || total
-------------------------+-------+-------++-------
Melee: Hand axe          |    67 |    42 ||   109
       Headbutt          |    10 |     6 ||    16
 Fire: Hand crossbow     |    13 |     4 ||    17
  Use: Scroll            |     2 |       ||     2
       Potion            |       |     1 ||     1
Armor: Leather armour    |     2 |       ||     2
       Chain mail        |    31 |    26 ||    57
Dodge: Dodged            |    31 |    16 ||    47
